 Dungeon Crawl Stone Soup version 0.30.1-3-gfc49f6343a (webtiles) character file.

Game seed: 17089645498488637434

128 Heoruswealwe the Conjurer (level 4, -9/24 HPs)
             Began as a Deep Elf Conjurer on Aug 7, 2023.
             Killed by nerve-wracking pain
             ... invoked by Grinder
              (12 damage)
             ... on level 3 of the Dungeon.
             The game lasted 00:21:21 (2061 turns).

Heoruswealwe the Conjurer (Deep Elf Conjurer)       Turns: 2061, Time: 00:21:21

Health: -9/24      AC:  2    Str:  4    XL:     4   Next: 86%
Magic:  6/13       EV: 13    Int: 25    God:
Gold:   95         SH:  0    Dex: 17    Spells: 3/13 levels left

rFire   . . .        b - +9 dagger "Nuud" {freeze, +Blink rElec rC- Dex+4}
rCold   x . .        (no shield)
rNeg    . . .        c - +0 robe
rPois   +            (no helmet)
rElec   +            (no cloak)
rCorr   .            (no gloves)
SInv    .            (no boots)
Will    .....        (no amulet)
Stlth   ++           k - ring of poison resistance
HPRegen 0.24/turn    (no ring)
MPRegen 0.13/turn

%: no passive effects
@: no status effects
A: no striking features
a: Evoke Blink


You were on level 3 of the Dungeon.
You visited 1 branch of the dungeon, and saw 3 of its levels.

You collected 95 gold pieces.

Inventory:

Hand Weapons
 b - the +9 dagger "Nuud" (weapon) {freeze, +Blink rElec rC- Dex+4}
   (You took it off an orc on level 3 of the Dungeon)

   Dex:       It affects your dexterity (+4).
   rC:        It makes you vulnerable to cold.
   rElec:     It insulates you from electricity.
   +Blink:    It lets you blink.
 o - a +0 war axe
Armour
 c - a +0 robe (worn)
 q - a +0 robe
Jewellery
 k - a ring of poison resistance (left hand)
Wands
 p - a wand of digging (5)
Scrolls
 a - 2 scrolls of magic mapping {unknown}
 d - a scroll of enchant armour {unknown}
 e - a scroll of amnesia {unknown}
 g - a scroll of poison {unknown}
 h - a scroll of fear {unknown}
Potions
 f - a potion of lignification {unknown}
 i - a potion of haste {unknown}
 j - a potion of curing {unknown}
 l - a potion of flight {unknown}
 m - a potion of resistance {unknown}
 n - a potion of cancellation {unknown}


   Skills:
 - Level 2.4 Dodging
 - Level 2.4 Stealth
 + Level 5.3 Spellcasting
 + Level 5.7 Conjurations


You had 3 spell levels left.
You knew the following spells:

 Your Spells              Type           Power      Damage    Failure   Level
a - Magic Dart            Conj           100%       1d8       1%          1
b - Searing Ray           Conj           70%        2d7       1%          2
c - Dazzling Flash        Conj/Hex       42%        N/A       8%          3
d - Fulminant Prism       Conj/Hex       10%        3d8       24%         4

Your spell library contained the following spells:

 Spells                   Type           Power      Damage    Failure   Level
 Lesser Beckoning         Tloc           12%        N/A       12%         2
 Gell's Gravitas          Tloc           6%         N/A       24%         3
 Teleport Other           Tloc           6%         N/A       24%         3
 Volatile Blastmotes      Fire/Tloc      12%        2d11      24%         3
 Iskenderun's Mystic Bla  Conj/Tloc      21%        2d6       24%         4
 Lee's Rapid Deconstruct  Erth           3%         3d5*      92%         5


Dungeon Overview and Level Annotations

Branches:
Dungeon (3/15)

Altars:
Ashenzari

Annotations:
D:3 Grinder


Message History

You pick up a book of Displacement and begin reading...
You add the spells Lesser Beckoning, Gell's Gravitas and Teleport Other to your library.
Okay, then.
Grinder comes into view.
Casting: Magic Dart (safe; 1% risk of failure)
Confirm with . or Enter, or press ? or * to list all spells.
Aiming: Searing Ray (safe; 1% risk of failure)
Press: ? - help, Shift-Dir - straight line, f - Grinder
Aim: Grinder (asleep, 100% to hit)
The searing ray hits Grinder!
Grinder is lightly wounded.
Grinder shouts! (Press . to maintain the ray.)
The searing ray hits Grinder.
Grinder is moderately wounded.
Grinder gestures at you. You resist with significant effort.
The searing ray hits Grinder!
Grinder is heavily wounded.
Grinder hits you!
You writhe in agony.
The searing ray hits Grinder!
Grinder is severely wounded.
You finish channelling your searing ray.
Grinder hits you!
* * * LOW HITPOINT WARNING * * *
You writhe in agony.
* * * LOW HITPOINT WARNING * * *
Okay, then.
Casting: Searing Ray (safe; 1% risk of failure)
Confirm with . or Enter, or press ? or * to list all spells.
Aiming: Searing Ray (safe; 1% risk of failure)
Press: ? - help, Shift-Dir - straight line, f/p - Grinder
Aim: Grinder (severely wounded, 78% to hit)
The searing ray hits Grinder.
Grinder is severely wounded. (Press . to maintain the ray.) Grinder gestures at you.
Pain shoots through your body!
Ouch! That really hurt!
You die...

#. ## ## #. #. .# . #. #.
####.# .. #. #.# #....# .. #.
#.###### #.#..#.### #.
#.)....####.#....... #. .
#...........#5...# .# #. .
#...........@)...# #.# #.
#..>.............#######.# #.
#...###.#######........#.###.
#.....#.# #....>........
#..##.#.# ##..........
#####..##.#.# #..........
........# #.# ####'#.##'#
######.## #.# #.#.##.# # #.#
#.#.##.#


You could see Grinder.

Vanquished Creatures
  3 adders (D:3)
  3 gnolls (D:3)
  A worm (D:2)
  2 dart slugs
  2 orcs (D:3)
  5 ball pythons
  3 endoplasms
  A goblin (D:1)
  6 hobgoblins
  4 jackals (D:1)
  2 quokkas (D:1)
  7 bats
  6 frilled lizards
  12 kobolds
  7 rats
64 creatures vanquished.

Notes
Turn   | Place    | Note
-------+----------+-------------------------------------------
     0 | D:1      | Heoruswealwe the Deep Elf Conjurer began the quest for the
                  | Orb.
     0 | D:1      | Reached XP level 1. HP: 10/10 MP: 6/6
   122 | D:1      | Reached XP level 2. HP: 5/15 MP: 0/8
   125 | D:1      | Learned a level 2 spell: Searing Ray
   616 | D:1      | Reached skill level 5 in Conjurations
   616 | D:1      | Reached XP level 3. HP: 19/19 MP: 2/10
   624 | D:1      | Learned a level 3 spell: Dazzling Flash
  1128 | D:1      | You fall into a shaft and drop 1 floor!
  1513 | D:3      | Reached XP level 4. HP: 24/24 MP: 8/12
  1521 | D:3      | Learned a level 4 spell: Fulminant Prism
  1527 | D:3      | Identified the +9 dagger "Nuud" {freeze, +Blink rElec rC-
                  | Dex+4}
  1534 | D:3      | Reached skill level 5 in Spellcasting
  1855 | D:3      | Found a broken altar of Ashenzari.
  2056 | D:3      | Noticed Grinder
  2061 | D:3      | Killed from afar by Grinder

Illustrated notes

Levels and vault maps discovered:
D:1:      evilmike_arrival_fibonacci_small, layout_loops_ring
D:2:      layout_rooms
D:3:      minmay_inner_zag, layout_basic, ashenzari_conservatory_becter,
          serial_glass, glass_columns_a, glass_columns_c, glass_columns_b,
          glass_columns_b, glass_columns_c, glass_columns_c, glass_columns_a,
          glass_columns_b, nicolae_underground_beach, uniq_terence, uniq_grinder

Skill      XL: |  1  2  3  4 |
---------------+-------------+-----
Spellcasting   | 4 5 |  5.3
Conjurations   | 5 |  5.7
Dodging        | |  2.4
Stealth        | |  2.4

Action                     |  1- 3 |  4- 6 || total
---------------------------+-------+-------++-------
  Melee: War axe           |    11 |       ||    11
   Cast: Magic Dart        |    79 |    34 ||   113
         Searing Ray       |       |     2 ||     2
    Use: Potion            |     1 |       ||     1
 Armour: Robe              |     5 |     1 ||     6
  Dodge: Dodged            |    23 |     1 ||    24
